 Dungeon Crawl Stone Soup version 0.16.2-12-gd0ad4c3 (webtiles) character file.

44 magipi the Chopper (level 3, 0/28 (29) HPs)
             Began as a Ghoul Gladiator on Oct 11, 2015.
             Slain by an orc priest
             ... wielding a +0 club
              (2 damage)
             ... on level 3 of the Dungeon.
             The game lasted 00:04:50 (584 turns).

magipi the Chopper (Ghoul Gladiator)                 Turns: 584, Time: 00:04:50

HP:   0/28 (29)     AC:  9    Str: 18    XL:     3   Next: 62%
MP:   3/3           EV: 11    Int:  3    God:
Gold: 53            SH:  0    Dex: 10    Spells: 0 memorised, 2 levels left

rFire  . . .     SeeInvis .     a - +0 war axe
rCold  + . .     Clarity  .     e - +0 ring mail
rNeg   + + +     SustAb   .     (no shield)
rPois  ∞         Gourm    .     c - +0 helmet
rElec  .         Spirit   .     m - +2 cloak
rCorr  .         Warding  .     (no gloves)
rMut   .         Stasis   .     (no boots)
MR     .....                    (no amulet)
Stlth  ..........               (no ring)
                                (no ring)

@: rotting, not resistant to hostile enchantments, extremely unstealthy
A: rotting body, claws 1, carnivore 3, cold resistance 1, negative energy
resistance 3, poison resistance, slow healing 1, torment resistance, unbreathing
a: no special abilities


You were on level 3 of the Dungeon.
You were not hungry.

You visited 1 branch of the dungeon, and saw 3 of its levels.

You collected 53 gold pieces.

Inventory:

Hand weapons
 a - a +0 war axe (weapon)
Missiles
 d - 4 throwing nets (quivered)
Armour
 c - a +0 helmet (worn)
 e - a +0 ring mail (worn)
 m - a +2 cloak (worn)
Jewellery
 n - an uncursed ring of flight {unknown}
Scrolls
 b - a scroll of fear {unknown}
 g - 2 scrolls of recharging {unknown}
 j - a scroll of remove curse {unknown}
 o - a scroll of identify {unknown}
Potions
 h - 3 potions of curing {unknown}
 i - a potion of brilliance {unknown}
 k - 2 potions of heal wounds {unknown}
 l - a potion of degeneration {unknown}
Comestibles
 f - a meat ration


   Skills:
 - Level 2.1 Fighting
 + Level 4.0 Axes
 - Level 2.0 Throwing
 - Level 2.6 Dodging


You had 2 spell levels left.
You didn't know any spells.

Dungeon Overview and Level Annotations

Branches:
Dungeon (3/15)

Altars:
Trog

Annotations:
D:2 Sigmund


Innate Abilities, Weirdness & Mutations

Your body is rotting away.
You thrive on raw meat.
You have sharp fingernails.
You are carnivorous and can eat meat at any time.
Your flesh is cold resistant.
You are immune to negative energy.
Your system is resistant to poisons.
You heal slowly when monsters are visible.
You are immune to unholy pain and torment.
You can survive without breathing.

Vault maps used:
D:1:      minmay_arrival_open_corners
D:2:      tgw_trog, st_stairs_11, minivault_5, uniq_jessica, uniq_sigmund
D:3:      uniq_iyjb


Message History

Found 9 gold pieces.
Found a stone staircase leading down.
A giant gecko comes into view.
The giant gecko moves out of view.
Found a peridot ring.
You barely miss the giant gecko. The giant gecko barely misses you.
The giant gecko misses you.
You closely miss the giant gecko. The giant gecko barely misses you.
The giant gecko bites you but does no damage.
The goblin barely misses you.
Your ring mail prevents you from hitting the giant gecko.
You closely miss the goblin. The giant gecko closely misses you.
The goblin hits you with a dagger. The giant gecko barely misses you.
You barely miss the giant gecko. You hit the goblin.
You kill the goblin!
The giant gecko bites you.
You miss the giant gecko.
The giant gecko bites you but does no damage.
The giant gecko bites you.
You slash the giant gecko!
You kill the giant gecko!
Things that are here:
a dagger; a goblin corpse You butcher the goblin corpse.
Things that are here:
a dagger; 2 chunks of flesh Eat one of 2 chunks of flesh? (ye/n/q/i?) This raw flesh tastes great!
You continue eating. x2
Eat a chunk of flesh? (ye/n/q/i?) This raw flesh tastes great!
You continue eating. x2
You see here a spear.
You see here 9 gold pieces.
There is a stone staircase leading down here.
You see here a peridot ring.
Autopickup is now on.
n - a peridot ring Read which item? (? for menu, Esc to quit)
Okay, then.
Found two items.
A gnoll comes into view. It is wielding a halberd of distortion.
The gnoll shouts!
Found a metallic purple potion.
Throwing (i - inventory):
d - 4 throwing nets (quivered)
Press: ? - help, Shift-Dir - straight line, f - gnoll
Aim: a gnoll, wielding a halberd of distortion You throw a throwing net.
The throwing net closely misses the gnoll.
Unknown command.
Throwing (i - inventory):
d - 3 throwing nets (quivered)
Press: ? - help, Shift-Dir - straight line, f/p - gnoll
Aim: a gnoll, wielding a halberd of distortion You throw a throwing net.
The throwing net completely misses the gnoll.
The gnoll closely misses you.
Unknown command.
Throwing (i - inventory):
d - 2 throwing nets (quivered)
Press: ? - help, Shift-Dir - straight line, f/p - gnoll
Aim: a gnoll, wielding a halberd of distortion You throw a throwing net.
The throwing net hits the gnoll.
The gnoll is caught in the net!
Unknown command.
The gnoll struggles against the net.
You hit the gnoll.
The gnoll is heavily wounded.
The gnoll struggles against the net.
You slash the gnoll!
You kill the gnoll!
d - 2 throwing nets (gained 1)
You see here a halberd of distortion.
d - 4 throwing nets (gained 2)
o - a scroll labeled MNEPNORUYS An orc comes into view.
It is wielding a whip.
Unknown command.
The orc priest shouts!
The orc barely misses you.
The orc priest calls down the wrath of Beogh upon you.
Something smites you!
Your ring mail prevents you from hitting the orc.
The orc barely misses you.
The orc priest mumbles some strange prayers to Beogh.
You feel troubled. The orc hits you but does no damage.
You slash the orc!
You kill the orc!
Your Axes skill increases to level 4!
You feel your flesh rotting away.
The orc priest calls down the wrath of Beogh upon you.
Something smites you!
* * * LOW HITPOINT WARNING * * *
You hear a shout!
Things that are here:
a whip; an orc corpse You slash the orc priest!
The orc priest is severely wounded.
The orc priest hits you with a club.
* * * LOW HITPOINT WARNING * * *
You closely miss the orc priest.
The orc priest is severely wounded.
The orc priest hits you with a club.
You die...

......#####
...........
........#..###
.........#....#
..........#.##.#
...............###..
....................
..........oo..[..)#
....!.!....#@.###.#
...........#.<###.#
............#.#....#
.............#.#.####
.............#.#.#
.............#.#..
..............#.###
..............#.#
..............#.#


You could see an orc priest and an orc.

Table legend:
 A = Kills in this place as a percentage of kills in entire the game.
 B = Kills by you in this place as a percentage of kills by you in the entire game.
 C = Kills by friends in this place as a percentage of kills by friends in the entire game.
 D = Other kills in this place as a percentage of other kills in the entire game.
 E = Experience gained in this place as a percentage of experience gained in the entire game.
 F = Experience gained in this place divided by the number of levels of this place that you have seen.
                   A       B       C       D       E      F
               +-------+-------+-------+-------+-------+----------------------
         Total | 100.0 | 100.0 |  -nan |  -nan | 100.0 |  21.3
       Dungeon | 100.0 | 100.0 |  -nan |  -nan | 100.0 |  21.3
               +-------+-------+-------+-------+-------+----------------------

Vanquished Creatures
  A gnoll (D:3)
  4 giant geckos
  An orc (D:3)
  3 bats (D:1)
  5 hobgoblins (D:1)
  5 jackals (D:1)
  A kobold (D:1)
  A giant newt (D:1)
  4 goblins
  A quokka (D:2)
  2 rats
28 creatures vanquished.

Notes
Turn   | Place    | Note
--------------------------------------------------------------
     0 | D:1      | magipi, the Ghoul Gladiator, began the quest for the Orb.
     0 | D:1      | Reached XP level 1. HP: 17/17 MP: 1/1
   117 | D:1      | Reached skill level 3 in Axes
   122 | D:1      | Reached XP level 2. HP: 18/24 MP: 2/2
   311 | D:2      | Reached XP level 3. HP: 24/29 MP: 3/3
   414 | D:2      | Noticed a moth of wrath
   415 | D:2      | Found a bloodstained altar of Trog.
   462 | D:2      | Noticed Sigmund
   577 | D:3      | Reached skill level 4 in Axes
   584 | D:3      | Slain by an orc priest

Action                   || total
-------------------------++-------
Melee: War axe           ||    82
Throw: Throwing net      ||     3
  Eat: Chunk             ||    16

Action                   || total
-------------------------++-------
Melee: War axe           ||    82
Throw: Throwing net      ||     3
  Eat: Chunk             ||    16

Action                   || total
-------------------------++-------
Melee: War axe           ||    82
Throw: Throwing net      ||     3
  Eat: Chunk             ||    16
